 Dungeon Crawl Stone Soup version 0.29.1-13-g9f3cf754e1 (webtiles) character file.

Game seed: 9751209352681217242

1369 cheesebisquit the Skirmisher (level 8, -7/73 HPs)
             Began as a Minotaur Hunter on Jan 21, 2023.
             Killed by divine providence
             ... invoked by an orc priest
              (14 damage)
             ... on level 9 of the Dungeon.
             The game lasted 00:22:58 (6634 turns).

cheesebisquit the Skirmisher (Minotaur Hunter)      Turns: 6634, Time: 00:22:58

Health: -7/73      AC:  5    Str: 16    XL:     8   Next: 38%
Magic:  16/16      EV: 13    Int:  6    God:
Gold:   173        SH:  0    Dex: 16    Spells: 7/7 levels left

rFire   . . .      SeeInvis .   a - +0 shortbow (vorpal)
rCold   . . .      Faith    .   (shield currently unavailable)
rNeg    . . .      Spirit   .   c - +0 leather armour
rPois   +          Reflect  .   (helmet restricted)
rElec   .          Harm     .   p - +0 cloak
rCorr   .          Rampage  .   (no gloves)
Will    .....                   n - +0 pair of boots
Stlth   +.........              (no amulet)
HPRegen 0.22/turn               h - ring of poison resistance
MPRegen 0.15/turn               j - ring of magical power

@: no status effects
A: horns 2, retaliatory headbutt
a: no special abilities


You were on level 9 of the Dungeon.
You visited 1 branch of the dungeon, and saw 7 of its levels.
You also visited: Sewer.

You collected 173 gold pieces.

Inventory:

Hand Weapons
 a - a +0 vorpal shortbow (weapon)
Missiles
 g - 3 poisoned darts
Armour
 c - a +0 leather armour (worn)
 n - a +0 pair of boots (worn)
 p - a +0 cloak (worn)
Jewellery
 h - a ring of poison resistance (left hand)
 j - a ring of magical power (right hand)
Wands
 l - a wand of roots (5) (quivered)
Scrolls
 b - 3 scrolls of immolation
 i - a scroll of silence
 o - a scroll of torment {unknown}
 q - 3 scrolls of enchant armour {unknown}
Potions
 d - a potion of degeneration {unknown}
 e - 2 potions of curing
 k - a potion of heal wounds {unknown}
 m - 3 potions of flight {unknown}


   Skills:
 + Level 7.0 Fighting
 * Level 9.8 Ranged Weapons
 + Level 4.3 Dodging
 - Level 0.8 Stealth


You had 7 spell levels left.
You didn't know any spells.
Your spell library contained the following spells:

 Spells                   Type           Power      Damage    Failure   Level
 Poisonous Vapours        Pois/Air       0%         N/A       67%         2
 Sublimation of Blood     Necr           0%         N/A       67%         2
 Wereblood                Tmut           0%         N/A       67%         2
 Dazzling Flash           Conj/Hex       0%         N/A       88%         3
 Spider Form              Tmut/Pois      0%         N/A       88%         3
 Corpse Rot               Necr/Pois/Air  0%         N/A       99%         4
 Agony                    Necr           0%         N/A       100%        5
 Silence                  Hex/Air        0%         N/A       100%        5
 Summon Hydra             Summ           0%         N/A       100%        7


Dungeon Overview and Level Annotations

Branches:
Dungeon (6/15)              Sewer (visited)
 Temple: D:4-7

Altars:
Fedhas
Makhleb


Innate Abilities, Weirdness & Mutations

You have a pair of horns on your head.
You reflexively headbutt those who attack you in melee.


Message History

Beogh smites you!
* * * LOW HITPOINT WARNING * * *
The orc moves out of view.
You hear an angry hiss.
An orc wizard comes into view. It is wielding a +0 dagger.
Aiming: Fastroot
Press: ? - help, Q - select action, (/) - cycle Shift-Dir - straight line The roots erupt in riotous growth!
Roots grab the orc.
Roots grab the orc warrior.
The grasping roots constrict the orc warrior!
The grasping roots constrict the orc.
You hear a shout!
The orc struggles to escape constriction.
The orc warrior struggles to escape constriction.
The grasping roots constrict the orc warrior.
The grasping roots constrict the orc.
You kill the orc!
The roots release their grip on the orc warrior.
An orc comes into view. It is wielding a +0 falchion.
A water moccasin comes into view.
The orc priest mumbles some strange prayers to Beogh against you.
Beogh smites you!
* * * LOW HITPOINT WARNING * * *
The water moccasin moves out of view.
Aiming: Fastroot
Press: ? - help, Q - select action, (/) - cycle Shift-Dir - straight line The roots erupt in riotous growth!
Roots grab the orc warrior.
The grasping roots constrict the orc warrior, but do no damage.
The orc wizard mumbles some strange words.
The orc wizard flickers and vanishes!
Deactivating autopickup; reactivate with Ctrl-A.
The orc warrior misses you. You furiously retaliate!
You headbutt the orc warrior, but do no damage.
The grasping roots constrict the orc warrior.
The roots release their grip on the orc warrior.
The orc priest mumbles some strange prayers to Beogh against you.
Beogh smites you!
You die...

#..# #..# #..# #..#
#..# #..# #..# #..#
#..# ..# #@.# #..#
#..# #..# #..# #..#
#o.# #..#
#..####..# ###..#
#..o..o..#
..ogg#####..oo..o.#
..c.hh...S).......#
.g.h.####...####..#
.....# #)..# #..#


You could see an orc warrior and 2 orc priests.

Vanquished Creatures
  A black bear (D:5)
  An orc warrior (D:5)
  3 ogres
  2 centaurs (D:9)
  A phantom (D:4)
  A necrophage (D:5)
  A scorpion (D:5)
  2 howler monkeys (D:9)
  A jelly (D:4)
  Crazy Yiuf (D:4)
  2 hounds (D:5)
  An iguana (D:5)
  2 orc wizards (D:5)
  4 gnolls (D:9)
  10 adders
  A river rat (D:3)
  2 ufetubi
  A worm (D:2)
  6 dart slugs
  12 orcs
  13 ball pythons
  6 bats
  24 endoplasms
  10 giant cockroaches
  7 goblins
  7 hobgoblins
  3 jackals
  6 quokkas
  12 frilled lizards
  5 kobolds
  11 rats
159 creatures vanquished.

Vanquished Creatures (others)
  2 plants (D:9)
2 creatures vanquished.

Grand Total: 161 creatures vanquished

Notes
Turn   | Place    | Note
-------+----------+-------------------------------------------
     0 | D:1      | cheesebisquit the Minotaur Hunter began the quest for the
                  | Orb.
     0 | D:1      | Reached XP level 1. HP: 18/18 MP: 0/0
   116 | D:1      | Reached XP level 2. HP: 25/25 MP: 1/1
   284 | D:1      | Reached skill level 5 in Ranged Weapons
   287 | D:1      | Found a faded altar of an unknown god.
   374 | D:1      | Reached XP level 3. HP: 31/31 MP: 2/2
  1338 | D:2      | Reached XP level 4. HP: 38/38 MP: 3/3
  2112 | D:3      | Reached skill level 6 in Ranged Weapons
  2299 | D:3      | Found a glowing drain.
  2303 | D:3      | Reached XP level 5. HP: 46/46 MP: 4/4
  2313 | Sewer    | Entered a sewer
  3215 | D:4      | Found a blossoming altar of Fedhas.
  3335 | D:4      | Noticed a phantom
  3336 | D:4      | Reached skill level 7 in Ranged Weapons
  3336 | D:4      | Reached XP level 6. HP: 53/53 MP: 5/5
  3342 | D:4      | Reached skill level 5 in Fighting
  3716 | D:4      | Found a runed translucent door.
  3717 | D:4      | Noticed Crazy Yiuf
  4210 | D:4      | Killed Crazy Yiuf
  4376 | D:5      | Entered Level 5 of the Dungeon
  4472 | D:5      | Noticed an orc warrior
  4693 | D:5      | Reached skill level 8 in Ranged Weapons
  4703 | D:5      | Reached XP level 7. HP: 29/61 MP: 6/6
  5521 | D:5      | Identified the +10 lajatang of Defiance {venom, rC++
                  | Stlth+}
  5742 | D:5      | Reached skill level 9 in Ranged Weapons
  5763 | D:5      | Reached XP level 8. HP: 33/71 MP: 7/7
  6071 | D:5      | Found a burning altar of Makhleb.
  6208 | D:5      | Got the Lectures on Poisoning
  6506 | D:6      | You fall into a shaft and drop 3 floors!
  6634 | D:9      | Killed from afar by an orc priest

Illustrated notes

Levels and vault maps discovered:
D:1:      minmay_arrival_three_doors, layout_basic,
          hellmonk_ecumenical_altar_arch_garden, minmay_hedge_maze,
          hex_intersection, st_stairs_9
D:2:      layout_loops_cross
D:3:      layout_basic, portal_sewer_entry_b, minmay_increasing_density
D:4:      layout_layer_cave, mainiacjoe_overflow_alcove_1, dk_rats_in_the_wall,
          uniq_crazy_yiuf_cottage
D:5:      layout_loops_ring, makhleb_heckhound_becter
D:6:      layout_loops_cross, mainiacjoe_overflow_alcove_4,
          minmay_temple_entry_ruins, nicolae_inconvenience_store, uniq_pikel
D:9:      layout_long_grid, erik_orc_4, gammafunk_ghost_hydra_chop

Skill      XL: |  1  2  3  4  5  6  7  8 |
---------------+-------------------------+-----
Fighting       | 3 4 5 6 7 |  7.0
Ranged Weapons | 5 6 7 8 9 |  9.8
Dodging        | 3 4 |  4.3
Stealth        | |  0.8

Action                   |  1- 3 |  4- 6 |  7- 9 || total
-------------------------+-------+-------+-------++-------
 Fire: Shortbow          |   115 |   260 |    78 ||   453
Evoke: Wand              |       |       |    13 ||    13
  Use: Scroll            |       |     6 |     2 ||     8
       Potion            |       |     3 |     1 ||     4
Armor: Leather armour    |     8 |    26 |     8 ||    42
Dodge: Dodged            |    19 |    72 |    32 ||   123
